 Dungeon Crawl Stone Soup version 0.25.0-11-g1f837a76a1 (webtiles) character file.

Game seed: 7963189395722577760

7346 Stil the Thaumaturge (level 10, 0/50 HPs)
             Began as a Deep Elf Conjurer on June 25, 2020.
             Was an Elder of Vehumet.
             Slain by a yak (14 damage)
             ... on level 10 of the Dungeon on June 26, 2020.
             The game lasted 00:51:52 (11865 turns).

Stil the Thaumaturge (Deep Elf Conjurer)           Turns: 11865, Time: 00:51:52

Health: 0/50       AC:  3    Str:  5    XL:     10   Next: 91%
Magic:  19/28      EV: 18    Int: 24    God:    Vehumet [****..]
Gold:   515        SH:  0    Dex: 15    Spells: 23/34 levels left

rFire    + . .     SeeInvis +   w - +4 falchion (flame)
rCold    . . .     Gourm    .   (no shield)
rNeg     + . .     Faith    +   a - +0 robe
rPois    .         Spirit   .   (no helmet)
rElec    .         Reflect  .   f - +0 cloak
rCorr    .         Harm     .   (no gloves)
MR       +....                  (no boots)
Stlth    +++.......             s - amulet of faith
HPRegen  0.16/turn              J - ring of positive energy
MPRegen  0.21/turn              l - ring of see invisible

@: no status effects
A: camouflage 1, fire resistance 1
a: Renounce Religion


You were on level 10 of the Dungeon.
You worshipped Vehumet.
Vehumet was greatly pleased with you.
You were not hungry.

You visited 2 branches of the dungeon, and saw 11 of its levels.

You collected 515 gold pieces.

Inventory:

Hand Weapons
 p - a +2 quarterstaff of draining
 u - a +2 dagger of venom
 w - a +4 falchion of flaming (weapon)
Missiles
 i - 18 poisoned darts (quivered)
 F - 5 boomerangs
Armour
 a - a +0 robe (worn)
 f - a +0 cloak (worn)
Jewellery
 h - an uncursed amulet of magic regeneration
 j - a +4 ring of protection
 l - a ring of see invisible (right hand)
 q - an uncursed amulet of the acrobat
 s - an amulet of faith (around neck)
 t - an uncursed ring of flight
 J - a ring of positive energy (left hand)
Wands
 k - a wand of enslavement (5)
 x - a wand of random effects (30)
 A - a wand of flame (8)
 C - a wand of acid (9)
 E - a wand of paralysis (7)
 I - a wand of disintegration (9)
Scrolls
 g - a scroll of immolation
 o - 2 scrolls of fear
 r - a scroll of remove curse
 y - a scroll of enchant armour {unknown}
 z - 2 scrolls of fog {unknown}
Potions
 b - a potion of berserk rage
 d - a potion of lignification
 e - 5 potions of heal wounds
 m - 2 potions of might
 n - 4 potions of stabbing
 v - a potion of curing
 B - a potion of magic {unknown}
 D - 2 potions of haste
 G - a potion of cancellation {unknown}
 H - a potion of invisibility {unknown}
 K - a potion of flight {unknown}
 L - 2 potions of brilliance {unknown}
Comestibles
 c - 10 rations
 M - a chunk of flesh


   Skills:
 + Level 8.5 Dodging
 - Level 2.4 Stealth
 * Level 12.6 Spellcasting
 * Level 11.3 Conjurations
 - Level 7.9 Hexes
 + Level 3.4 Poison Magic


You had 23 spell levels left.
You knew the following spells:

 Your Spells              Type           Power        Failure   Level  Hunger
a - Magic Dart            Conj           ####         1%          1    None
b - Searing Ray           Conj           ######       1%          2    None
c - Fulminant Prism       Conj/Hex       ######....   1%          4    None
d - Foxfire               Conj/Fire      ####         1%          1    None
e - Mephitic Cloud        Conj/Pois/Air  #####...     1%          3    None

Your spell library contained the following spells:

 Spells                   Type           Power        Failure   Level  Hunger
 Sticky Flame             Conj/Fire      #####...     1%          4    None
 Corona                   Hex            ######.      1%          1    None
 Ensorcelled Hibernation  Hex/Ice        ####..       1%          2    None
 Confusing Touch          Hex            ######..     1%          3    None
 Dazzling Flash           Conj/Hex       ######       1%          3    None
 Tukima's Dance           Hex            ######..     1%          3    None
 Iskenderun's Mystic Bla  Conj/Tloc      #####...     1%          4    None


Dungeon Overview and Level Annotations

Branches:
Dungeon (10/15)            Temple (1/1) D:5             Orc (0/2) D:9
   Lair: D:8-11

Altars:
Ashenzari
Cheibriados
Dithmenos
Elyvilon
Fedhas
Gozag
Hepliaklqana
Kikubaaqudgha
Makhleb
Nemelex Xobeh
Okawaru
Qazlal
Ru
Sif Muna
Trog
Uskayaw
Vehumet
Xom
Zin
The Shining One

Shops:
D:8 *   D:9 [


Innate Abilities, Weirdness & Mutations

Your skin changes colour to match your surroundings (Stealth+).
Your flesh is heat resistant. (rF+)


Message History

The yak is heavily wounded.
You finish channeling your searing ray.
The yak gores you!
Casting: Searing Ray (safe; 1% risk of failure)
Confirm with . or Enter, or press ? or * to list all spells.
Aiming: Searing Ray (safe; 1% risk of failure)
Press: ? - help, Shift-Dir - straight line, f - yak
Aim: a yak (heavily wounded)
The searing ray hits the yak.
The yak is severely wounded. (Press . to maintain the ray.)
The yak gores you!
* * * LOW HITPOINT WARNING * * *
The searing ray hits the yak!
You kill the yak!
Vehumet accepts your kill.
You feel your power returning.
A centaur warrior skeleton comes into view.
There is a stone staircase leading up here.
The yak gores you!
You die...

.>.##+#####......##
.........##..Y...##
..................#
.................#
.##....##.......#
##....##.......#
#..............#
#.Y............#
#@....##......##
#.....#########
#......# ##.....#
#.....# ......#
#......# .....#


You could see a yak.

Vanquished Creatures
  Erolcha (D:9)
  2 hippogriffs
  4 yaks (D:10)
  Eustachio (D:6)
  A hungry ghost (D:9)
  Duvessa (D:6)
  A water moccasin (D:8)
  3 ice beasts
  5 orc warriors
  An eye of draining (D:6)
  4 black bears
  2 hornet zombies
  A necrophage (D:9)
  7 ogres
  3 centaurs
  A crocodile (D:9)
  4 bullfrogs
  2 gnoll sergeants
  Dowan (D:6)
  5 scorpions
  10 killer bees (D:8)
  4 wights (D:9)
  4 howler monkeys
  A bullfrog zombie (D:10)
  2 crimson imps (D:7)
  A centaur zombie (D:7)
  8 orc priests
  5 orc wizards
  A bullfrog skeleton (D:9)
  A centaur skeleton (D:9)
  5 hounds
  5 jellies
  2 iguanas
  7 worker ants
  2 hound skeletons
  Robin (D:3)
  8 gnolls
  10 adders
  2 adder zombies (D:5)
  3 adder skeletons
  7 worms
  4 dart slugs
  3 leopard geckos
  27 orcs
  5 bats
  8 giant cockroaches
  15 goblins
  7 hobgoblins
  13 jackals
  11 kobolds
  9 quokkas
  2 ball pythons (D:3)
  5 frilled lizards
  A leopard gecko skeleton (D:7)
  9 rats
258 creatures vanquished.

Vanquished Creatures (others)
  38 fulminant prisms
38 creatures vanquished.

Grand Total: 296 creatures vanquished

Notes
Turn   | Place    | Note
-------+----------+-------------------------------------------
     0 | D:1      | Stil the Deep Elf Conjurer began the quest for the Orb.
     0 | D:1      | Reached XP level 1. HP: 10/10 MP: 6/6
   331 | D:1      | Reached XP level 2. HP: 14/15 MP: 5/8
   335 | D:1      | Learned a level 2 spell: Searing Ray
   911 | D:1      | Reached XP level 3. HP: 19/19 MP: 2/10
  1125 | D:1      | Reached skill level 4 in Spellcasting
  1210 | D:2      | Reached skill level 5 in Conjurations
  1431 | D:2      | Reached XP level 4. HP: 24/24 MP: 8/12
  1437 | D:2      | Learned a level 4 spell: Fulminant Prism
  1773 | D:2      | Reached skill level 1 in Hexes
  2256 | D:3      | Reached XP level 5. HP: 15/28 MP: 10/14
  2287 | D:3      | Reached skill level 5 in Spellcasting
  2829 | D:3      | Noticed Robin
  2835 | D:3      | Killed Robin
  2835 | D:3      | Reached XP level 6. HP: 28/32 MP: 8/16
  3826 | D:4      | Reached skill level 6 in Spellcasting
  3845 | D:4      | Reached XP level 7. HP: 36/36 MP: 8/18
  4379 | D:4      | Found a white marble altar of Elyvilon.
  4660 | D:5      | Entered Level 5 of the Dungeon
  4709 | D:5      | Found a shattered altar of Ashenzari.
  5149 | D:5      | Reached skill level 5 in Hexes
  5202 | D:5      | Found a staircase to the Ecumenical Temple.
  5306 | D:5      | Reached skill level 7 in Spellcasting
  5938 | Temple   | Entered the Ecumenical Temple
  6093 | Temple   | Became a worshipper of Vehumet
  6217 | D:6      | Reached XP level 8. HP: 41/41 MP: 16/21
  6228 | D:6      | Noticed Eustachio
  6235 | D:6      | Killed Eustachio
  6235 | D:6      | Reached skill level 5 in Dodging
  6589 | D:6      | Reached skill level 8 in Spellcasting
  7307 | D:6      | Noticed Duvessa
  7433 | D:6      | Killed Duvessa
  7433 | D:6      | Reached skill level 9 in Spellcasting
  7436 | D:6      | Noticed Dowan
  7439 | D:6      | Killed Dowan
  7439 | D:6      | Reached XP level 9. HP: 45/45 MP: 4/24
  7696 | D:7      | Reached * piety under Vehumet
  7696 | D:7      | Offered knowledge of Sandblast by Vehumet.
  8049 | D:7      | Reached skill level 10 in Spellcasting
  8241 | D:7      | Gained mutation: Your flesh is heat resistant. (rF+)
                  | [potion of mutation]
  8241 | D:7      | Gained mutation: Your skin changes colour to match your
                  | surroundings (Stealth+). [potion of mutation]
  8867 | D:8      | Offered knowledge of Foxfire by Vehumet.
  8870 | D:8      | Learned a level 1 spell: Foxfire
  8896 | D:8      | Reached ** piety under Vehumet
  8901 | D:8      | Reached skill level 11 in Spellcasting
  9360 | D:8      | Found a glowing golden altar of the Shining One.
  9453 | D:8      | Found Wyapp's Serpentskin Sales.
  9460 | D:8      | Reached skill level 10 in Conjurations
  9460 | D:8      | Reached XP level 10. HP: 39/50 MP: 18/27
  9968 | D:8      | Offered knowledge of Mephitic Cloud by Vehumet.
  9973 | D:8      | Learned a level 3 spell: Mephitic Cloud
 10571 | D:9      | Noticed Erolcha
 10574 | D:9      | Killed Erolcha
 10574 | D:9      | Reached skill level 1 in Poison Magic
 10755 | D:9      | Found Emico's Armour Shoppe.
 10814 | D:9      | Reached *** piety under Vehumet
 10991 | D:9      | Reached skill level 12 in Spellcasting
 11004 | D:9      | Offered knowledge of Frozen Ramparts by Vehumet.
 11180 | D:9      | Found a staircase to the Orcish Mines.
 11390 | D:9      | Found a shimmering altar of Xom.
 11397 | D:9      | Found a sparkling altar of Nemelex Xobeh.
 11399 | D:9      | Found a snail-covered altar of Cheibriados.
 11404 | D:9      | Found an opulent altar of Gozag.
 11683 | D:9      | Found a glowing silver altar of Zin.
 11749 | D:10     | Entered Level 10 of the Dungeon
 11830 | D:10     | Reached **** piety under Vehumet
 11847 | D:10     | Offered knowledge of Sticky Flame by Vehumet.
 11865 | D:10     | Slain by a yak

Illustrated notes

Levels and vault maps discovered:
D:1:      dpeg_arrival_long_road, layout_loops_ring
D:2:      layout_loops_ring
D:3:      layout_basic, first_ration, saegor_snake_ambush, uniq_robin
D:4:      layout_layer_cave, elyvilon_altar_3
D:5:      layout_loops_corners, evilmike_ruin_ashenzari,
          minmay_temple_entry_statues_fountains, mrwooster_statue_mirror,
          st_stairs_6
D:6:      layout_gridville, uniq_eustachio, uniq_duvessa
D:7:      layout_loops_ring
D:8:      layout_layer_cave, kennysheep_little_box, guppyfry_shop_venom
D:9:      layout_gridville, minitemple, lemuel_round_altar, david_orc_3,
          serial_shops, nicolae_shop_waterfront, uniq_erolcha
D:10:     layout_gridville
Temple:   dpeg_chambers_temple

Skill      XL: |  1  2  3  4  5  6  7  8  9 10 |
---------------+-------------------------------+-----
Spellcasting   | 4 5 6 7 9 11 12 | 12.6
Dodging        | 3 4 5 7 8 |  8.5
Conjurations   | 5 6 7 8 10 11 | 11.3
Hexes          | 2 3 4 5 7 |  7.9
Poison Magic   | 3 |  3.4
Stealth        | |  2.4

Action                   |  1- 3 |  4- 6 |  7- 9 | 10-12 || total
-------------------------+-------+-------+-------+-------++-------
Melee: Short sword       |       |     1 |       |       ||     1
 Cast: Magic Dart        |    60 |    76 |    84 |    39 ||   259
       Searing Ray       |     8 |    19 |    62 |    28 ||   117
       Fulminant Prism   |       |       |    19 |    19 ||    38
  Use: Scroll            |     5 |     6 |     6 |     2 ||    19
       Potion            |       |       |     2 |       ||     2
  Eat: Chunk             |     2 |     7 |    14 |     7 ||    30
       Ration            |       |       |     1 |       ||     1
Armor: Robe              |       |     3 |     8 |     1 ||    12
Dodge: Dodged            |     2 |    23 |    46 |    12 ||    83
       Rpst.: Falchion   |       |     1 |    16 |       ||    17
